 Dungeon Crawl Stone Soup version 0.29-a0-364-g921d912d32 (webtiles) character file.

Game seed: 10619996692228120816

161295 chopper the Severer (level 17, 0/157 HPs)
             Began as a Minotaur Fighter on Apr 30, 2022.
             Was the Champion of Elyvilon.
             Succumbed to poison
             ... on level 1 of the Swamp.
             The game lasted 06:50:19 (42654 turns).

chopper the Severer (Minotaur Fighter)             Turns: 42654, Time: 06:50:19

Health: 0/157      AC: 33    Str: 29    XL:     17   Next: 19%
Magic:  9/16       EV:  9    Int:  5    God:    Elyvilon [******]
Gold:   1676       SH: 14    Dex: 14    Spells: 16/16 levels left

rFire   + . .      SeeInvis .   o - +2 spear (freeze)
rCold   . . .      Faith    .   C - +0 kite shield
rNeg    . . .      Spirit   .   A - +6 plate armour
rPois   .          Reflect  .   (helmet restricted)
rElec   .          Harm     .   d - +0 cloak
rCorr   .          Rampage  .   y - +0 pair of gloves
Will    +....                   x - +0 pair of boots {Stlth+}
Stlth   ..........              J - amulet of regeneration
HPRegen 1.16/turn               U - ring "Mogoday" {+Blink rF+ Str+4}
MPRegen 0.15/turn               Q - +4 ring of protection

@: lethally poisoned (0 -> -22), about to teleport, very slow
A: horns 2, retaliatory headbutt, screaming 1, no potion heal 1
a: Renounce Religion, Evoke Blink, Purification, Heal Other, Heal Self, Divine
Vigour


You were on level 1 of the Swamp.
You worshipped Elyvilon.
Elyvilon was exalted by your worship.
You visited 8 branches of the dungeon, and saw 30 of its levels.
You visited the Abyss 1 time.
You also visited: Ice Cave.

You collected 2400 gold pieces.
You spent 724 gold pieces at shops.

Inventory:

Hand Weapons
 a - a +0 war axe of venom
 c - a +0 vorpal arbalest
 e - a +1 scimitar of electrocution
 h - a +4 long sword
 k - a +2 falchion of holy wrath
 o - a +2 spear of freezing (weapon)
 v - a +2 flail of protection
 w - a +2 antimagic war axe
 D - a +2 vorpal falchion
 E - a +2 whip of electrocution
 I - the +7 long sword "Sehahiej" {flame, rF+ rN+ Dex+4}
   (You found it on level 13 of the Dungeon)

   It burns those it strikes, dealing additional fire damage.
   Big, fiery blades are also staple armaments of hydra-hunters.
   Dex:       It affects your dexterity (+4).
   rF:        It protects you from fire.
   rN:        It protects you from negative energy.
Missiles
 i - 5 atropa-tipped darts
 n - 33 poisoned darts
 z - 20 curare-tipped darts
 L - 12 boomerangs
 M - 6 javelins
Armour
 d - a +0 cloak (worn)
 x - a +0 pair of boots of stealth (worn)
 y - a +0 pair of gloves (worn)
 A - a +6 plate armour (worn)
 C - a +0 kite shield (worn)
Jewellery
 l - a ring of magical power
 p - a +6 ring of dexterity
 B - a ring of see invisible
 J - an amulet of regeneration (around neck)
 P - a ring of fire
 Q - a +4 ring of protection (right hand)
 R - an amulet of faith
 U - the ring "Mogoday" (left hand) {+Blink rF+ Str+4}
   (You took it off a gnoll on level 10 of the Dungeon)

   [ring of protection from fire]

   Str:       It affects your strength (+4).
   rF:        It protects you from fire.
   +Blink:    It lets you blink.
Wands
 b - a wand of digging (10)
 t - a wand of flame (17)
 F - a wand of charming (11)
 G - a wand of paralysis (21)
 H - a wand of mindburst (4)
 K - a wand of polymorph (16)
 X - a wand of iceblast (3)
Scrolls
 q - a scroll of fog
 r - 2 scrolls of identify
 s - a scroll of magic mapping
 V - a scroll of enchant armour
Potions
 f - 3 potions of curing
 N - a potion of cancellation
 O - 3 potions of invisibility
 S - 3 potions of ambrosia
 T - a potion of flight
 W - a potion of brilliance
 Z - a potion of magic


   Skills:
 + Level 15.7 Fighting
 + Level 0.6(1.4) Short Blades
 + Level 2.1(2.2) Long Blades
 + Level 18.0(18.6) Axes
 + Level 0.7(11.8) Maces & Flails
 + Level 8.1(14.1) Polearms
 + Level 0.7(5.1) Staves
 + Level 0.6(5.1) Slings
 + Level 0.6 Bows
 + Level 0.6 Crossbows
 + Level 7.4(7.5) Throwing
 + Level 17.4 Armour
 + Level 4.2 Dodging
 + Level 1.7 Stealth
 + Level 16.2 Shields
 + Level 0.6 Unarmed Combat
 + Level 0.2 Spellcasting
 + Level 0.3 Conjurations
 + Level 0.2 Hexes
 + Level 0.3 Summonings
 + Level 0.3 Necromancy
 + Level 0.3 Translocations
 + Level 0.3 Transmutations
 + Level 0.3 Fire Magic
 + Level 0.3 Ice Magic
 + Level 0.3 Air Magic
 + Level 0.3 Earth Magic
 + Level 0.3 Poison Magic
 + Level 1.2 Invocations
 + Level 2.4 Evocations


You had 16 spell levels left.
You didn't know any spells.
Your spell library contained the following spells:

 Spells                   Type           Power      Damage    Failure   Level
 Summon Small Mammal      Summ           0%         N/A       98%         1
 Static Discharge         Conj/Air       0%         N/A       99%         2
 Call Canine Familiar     Summ           0%         N/A       100%        3
 Ignite Poison            Fire/Tmut/Pois 0%         N/A       100%        3
 Mephitic Cloud           Conj/Pois/Air  0%         N/A       100%        3
 Summon Guardian Golem    Hex/Summ       0%         N/A       100%        3
 Leda's Liquefaction      Hex/Erth       0%         N/A       100%        4
 Freezing Cloud           Conj/Ice/Air   0%         6-21      100%        5
 Lightning Bolt           Conj/Air       0%         1d11      100%        5
 Statue Form              Tmut/Erth      0%         N/A       100%        6
 Maxwell's Capacitive Co  Air            0%         ∞         100%        8


Dungeon Overview and Level Annotations

Branches:
Dungeon (14/15)            Temple (1/1) D:6            Lair (6/6) D:8
  Swamp (2/4) Lair:3       Spider (3/4) Lair:2        Slime (1/5) Lair:6
    Orc (2/2) D:12            Elf (1/3) Orc:2        Vaults (0/5) D:13
  IceCv (visited)

Altars:
Ashenzari
Dithmenos
Elyvilon
Fedhas
Gozag
Hepliaklqana
Kikubaaqudgha
Makhleb
Nemelex Xobeh
Okawaru
Ru
Sif Muna
Trog
Vehumet
Wu Jian
Xom
Yredelemnul
Zin
Beogh

Shops:
D:4 *   D:6 =   D:8 ?   D:9 !(*[   D:11 (   D:12 ?   Orc:1 :   Orc:2 :*[(

Annotations:
Lair:5 2 transporters, Esyluf's ghost, journeyman GnCA
Spider:3 Agnes; Louise


Innate Abilities, Weirdness & Mutations

You have a pair of horns on your head.
You reflexively headbutt those who attack you in melee.
You occasionally shout uncontrollably at your foes.
Potions are less effective at restoring your health.


Message History

Okay, then.
Aiming: Corrosive Bolt
Press: ? - help, Shift-Dir - straight line, f - fenstrider witch
Aim: a fenstrider witch, wearing a +0 robe (lightly wounded, 53% to hit)
The bolt of acid misses the fenstrider witch.
The bolt of acid hits the alligator!
The alligator is severely wounded.
The now-empty wand crumbles to dust.
You fester in the toxic bog!
You are lethally poisoned!
* * * LOW HITPOINT WARNING * * *
x2 You feel extremely sick.
You are healed.
You fester in the toxic bog!!
You are lethally poisoned!
* * * LOW HITPOINT WARNING * * *
Elyvilon protects you from harm!
The fenstrider witch hits you but does no damage.
The fenstrider witch kicks you but does no damage.
Blink to where?
Press: ? - help, Dir - move target, p - fenstrider witch
As you read the scroll of blinking, it crumbles to dust.
* * * LOW HITPOINT WARNING * * *
You feel extremely sick.
As you read the scroll of fear, it crumbles to dust.
You assume a fearsome visage.
The fenstrider witch easily resists.
The alligator looks frightened!
Elyvilon protects you from harm!
Your system partially rejects the healing.
You feel better.
You are healed.
The fenstrider witch points at you and mumbles some strange words.
The toxic sludge hits you!
You are poisoned.
* * * LOW HITPOINT WARNING * * *
Splash!
You fall into the toxic bog.
Moving in this stuff is going to be slow.
As you read the scroll of teleportation, it crumbles to dust.
You feel strangely unstable.
You fester in the toxic bog!
You are lethally poisoned!
You die...

♣♣♣ ♣♣ ♣.♣ ♣.♣ ♣♣.♣ ♣.♣♣ ♣.♣
♣♣..♣♣♣.≈♣ ♣.♣♣ ♣..♣♣♣.≈≈♣
♣..♣♣♣♣♣ ♣♣..♣ ♣♣)<♣ ♣..♣.♣.♣♣♣♣♣
♣...♣ ♣..♣ ♣.....♣.♣♣.♣♣♣♣.(♣♣
♣..♣ ♣♣.≈§....≈≈♣.♣≈♣..♣ ♣.)♣
♣.≈≈.≈≈♣≈H...@.≈..♣♣ ♣..♣♣
♣♣...≈..≈≈≈.≈.≈≈♣..♣ ♣♣≈≈.♣ ♣
♣≈≈t..≈≈≈..≈≈..♣♣.♣♣♣.≈..♣ ♣♣♣
♣.≈≈......≈≈≈≈.♣♣...♣.≈≈.♣♣
.≈♣♣♣.≈≈.♣.≈≈.≈≈≈≈≈♣♣♣..≈.≈≈..♣♣
.≈.♣.≈.§≈≈.≈≈...§≈.♣♣≈≈≈≈≈≈≈≈≈.♣♣
.≈..[≈≈≈..§...≈§....♣†§≈♣♣≈≈≈§♣.♣
.....≈≈≈≈≈≈.≈≈≈≈≈♣♣.♣>≈≈≈≈..(.§.♣
≈..>.≈.≈..≈≈≈≈≈..≈§..≈≈≈§≈≈§≈≈≈♣♣


You could see a fenstrider witch.

Vanquished Creatures
  Saint Roka (Orc:2)
  Frances (Swamp:2)
  Gastronok (D:10)
  An orc warlord (Orc:2)
  A cacodemon (Abyss:2)
  2 very ugly things (Abyss:2)
  3 bunyips
  An eleionoma (Swamp:1)
  3 entropy weavers
  A spark wasp (Spider:2)
  Snorg (D:13)
  An ettin (Orc:2)
  A fire dragon (Lair:6)
  Erolcha (D:9)
  4 vault guards (D:13)
  5 boulder beetles
  13 hydras
  A jorogumo (Spider:3)
  2 catoblepae
  2 radroaches
  A tengu warrior (D:13)
  3 centaur warriors
  3 death yaks (Lair:5)
  7 two-headed ogres
  3 alligators
  3 orc high priests (Orc:2)
  2 thrashing horrors (Abyss:2)
  Sonja (Lair:5)
  A wretched star (Abyss:2)
  5 pharaoh ants
  5 large abominations (Abyss:2)
  3 sixfirhies (Abyss:2)
  A goliath frog (Swamp:2)
  A spatial maelstrom (Abyss:2)
  4 orb spiders
  A steelbarb worm (Spider:2)
  A spriggan simulacrum (IceCv)
  A wizard (D:14)
  A lindwurm (Lair:6)
  7 orc knights
  2 deep elf pyromancers
  A deep elf zephyrmancer (D:14)
  4 orc sorcerers (Orc:2)
  7 wolf spiders
  4 ugly things
  3 will-o-the-wisps (Swamp:1)
  4 cyclopes
  5 manticores
  2 moths of wrath (Spider:3)
  9 torpor snails
  An apocalypse crab (Abyss:2)
  4 black mambas
  15 cane toads
  A gargoyle (D:12)
  2 unseen horrors
  A rime drake (Lair:6)
  13 komodo dragons
  A freezing wraith (IceCv)
  3 demonic crawlers
  An efreet (D:8)
  A kobold demonologist (D:12)
  An ice devil (IceCv)
  2 tengu conjurers
  3 trolls
  9 tyrant leeches
  10 hornets
  3 meliai (Spider:2)
  A raiju (Abyss:2)
  12 slime creatures
  9 tarantellas
  5 wyverns
  3 wraiths
  An air elemental (Abyss:2)
  12 jumping spiders
  A vampire (D:10)
  12 culicivoras
  A shadow (D:9)
  Eustachio (D:6)
  47 yaks
  3 spriggans
  9 basilisks
  3 fire bats (Lair:3)
  A fire elemental (Lair:3)
  18 redbacks
  A steam dragon (Lair:5)
  20 vampire mosquitoes
  5 wargs (Orc:1)
  11 swamp worms
  A small abomination (Abyss:2)
  22 water moccasins
  2 swamp drakes
  3 sky beasts (D:8)
  31 orc warriors
  An ice beast (D:5)
  An ogre (shapeshifter) (D:14)
  3 black bears
  7 ogres
  8 wolves
  6 centaurs
  A phantom (D:4)
  6 kobold brigands
  12 bullfrogs
  A necrophage (D:7)
  2 gnoll sergeants
  4 scorpions (D:5)
  4 wights
  9 killer bees
  10 howler monkeys
  3 electric eels
  A starcursed mass (Abyss:2)
  5 hounds
  25 orc priests
  2 gnoll shamans
  A jelly (D:3)
  Terence (D:2)
  3 iguanas
  25 orc wizards
  10 hell rats
  Robin (D:4)
  18 gnolls
  6 adders
  A river rat (Lair:3)
  4 shadow imps
  2 white imps
  An ufetubus (Abyss:2)
  2 worms (D:3)
  3 dart slugs
  67 orcs
  7 ball pythons
  7 endoplasms
  2 giant cockroaches
  18 goblins
  6 hobgoblins
  24 kobolds
  3 quokkas
  5 bats
  A frilled lizard (D:1)
  3 rats
779 creatures vanquished.

Vanquished Creatures (others)
  3 bloated husks (Swamp:2)
  3 steam dragons (D:8)
  2 swamp worms (Swamp:2)
  An orc wizard (Orc:2)
  5 bushes (D:14)
  16 foxfires (Swamp:1)
  22 fungi
  76 plants
128 creatures vanquished.

Grand Total: 907 creatures vanquished

Notes
Turn   | Place    | Note
-------+----------+-------------------------------------------
     0 | D:1      | chopper the Minotaur Fighter began the quest for the Orb.
     0 | D:1      | Reached XP level 1. HP: 19/19 MP: 0/0
   186 | D:1      | Reached XP level 2. HP: 26/27 MP: 1/1
   588 | D:1      | Found a faded altar of an unknown god.
   853 | D:2      | Reached skill level 3 in Axes
   853 | D:2      | Reached XP level 3. HP: 5/33 MP: 2/2
  1232 | D:2      | Reached XP level 4. HP: 27/41 MP: 3/3
  1584 | D:2      | Noticed Terence
  1605 | D:2      | Killed Terence
  1853 | D:3      | Reached XP level 5. HP: 34/47 MP: 4/4
  2250 | D:3      | Found a sparkling altar of Nemelex Xobeh.
  2523 | D:3      | Found a blossoming altar of Fedhas.
  2528 | D:3      | Found an ancient bone altar of Kikubaaqudgha.
  2701 | D:4      | Noticed a phantom
  2721 | D:4      | Killed a phantom
  2722 | D:4      | Reached skill level 4 in Axes
  2722 | D:4      | Reached skill level 5 in Armour
  2906 | D:4      | Noticed Robin
  2949 | D:4      | Killed Robin
  2957 | D:4      | Reached XP level 6. HP: 35/55 MP: 5/5
  3218 | D:4      | Reached skill level 5 in Fighting
  3277 | D:4      | Found a burning altar of Makhleb.
  3277 | D:4      | Found a faded altar of an unknown god.
  3286 | D:4      | Found a bloodstained altar of Trog.
  3289 | D:4      | Found a faded altar of an unknown god.
  3294 | D:4      | Found a shimmering blue altar of Sif Muna.
  3360 | D:4      | Found Xolanku's CLEARANCE SALE!.
  3825 | D:5      | Entered Level 5 of the Dungeon
  3833 | D:5      | Reached skill level 5 in Axes
  4010 | D:5      | Reached XP level 7. HP: 32/63 MP: 6/6
  4263 | D:5      | Reached skill level 6 in Axes
  4457 | D:5      | Found an ornate altar of the Wu Jian Council.
  4762 | D:6      | Found Cayled's Jewellery Shop.
  4805 | D:6      | Reached skill level 1 in Dodging
  4814 | D:6      | Reached skill level 5 in Shields
  4912 | D:6      | Found a staircase to the Ecumenical Temple.
  4914 | D:6      | Noticed Eustachio
  4927 | D:6      | Killed Eustachio
  4928 | D:6      | Reached skill level 7 in Axes
  4928 | D:6      | Reached XP level 8. HP: 53/71 MP: 7/7
  5472 | Temple   | Entered the Ecumenical Temple
  5520 | Temple   | Became a worshipper of Elyvilon the Healer
  5644 | D:6      | Elyvilon protects you from harm!
  5665 | D:6      | Noticed a two-headed ogre
  5954 | D:6      | Killed a two-headed ogre
  5955 | D:6      | Reached skill level 9 in Axes
  5955 | D:6      | Reached skill level 1 in Throwing
  6361 | D:6      | Reached XP level 9. HP: 79/79 MP: 8/8
  6419 | D:6      | Reached * piety under Elyvilon
  6523 | D:6      | Identified the +0 leather armour "Komnus" {Fly Will- Str-4
                  | Int+9}
  7084 | D:7      | Found a faded altar of an unknown god.
  7084 | D:7      | Found a faded altar of an unknown god.
  7084 | D:7      | Found a hazy altar of Hepliaklqana.
  7086 | D:7      | Found a faded altar of an unknown god.
  7282 | D:7      | Reached ** piety under Elyvilon
  8111 | D:8      | Reached skill level 10 in Axes
  8294 | D:8      | Reached skill level 1 in Stealth
  8323 | D:8      | Noticed a komodo dragon
  8620 | D:8      | Killed a komodo dragon
  8828 | D:8      | Noticed a komodo dragon
  9146 | D:8      | Noticed an efreet
  9519 | D:8      | Reached skill level 11 in Axes
  9605 | D:8      | Reached XP level 10. HP: 84/88 MP: 9/9
  9938 | D:8      | Noticed a deep elf pyromancer
  9949 | D:8      | Killed a deep elf pyromancer
  9950 | D:8      | Reached skill level 1 in Polearms
 10118 | D:8      | Noticed a centaur warrior
 10133 | D:8      | Killed a centaur warrior
 10356 | D:8      | Noticed a two-headed ogre
 10364 | D:8      | Killed a two-headed ogre
 10444 | D:8      | Reached skill level 12 in Axes
 10653 | D:8      | Reached skill level 10 in Armour
 10869 | D:8      | Found Hunliczu's Magic Scroll Boutique.
 11762 | D:8      | Found a staircase to the Lair.
 12264 | Lair:1   | Entered Level 1 of the Lair of Beasts
 12322 | Lair:1   | Reached *** piety under Elyvilon
 12369 | Lair:1   | Reached XP level 11. HP: 71/97 MP: 10/10
 13461 | Lair:1   | Noticed a four-headed hydra
 13486 | Lair:1   | Killed a four-headed hydra
 14251 | Lair:2   | Noticed a five-headed hydra
 14291 | Lair:2   | Killed a five-headed hydra
 14292 | Lair:2   | Reached skill level 5 in Polearms
 14342 | Lair:2   | Reached skill level 13 in Axes
 14507 | Lair:2   | Reached **** piety under Elyvilon
 15311 | Lair:2   | Found a hole to the Spider Nest.
 15384 | Lair:2   | Reached skill level 10 in Fighting
 15821 | D:6      | Bought a +4 ring of protection for 468 gold pieces
 15979 | D:9      | Found Ocuessif's Distillery.
 16476 | D:9      | Found Limuozy's Weapon Emporium.
 16503 | D:9      | Noticed Erolcha
 16517 | D:9      | Killed Erolcha
 16583 | D:9      | Identified the +5 spear "Kialluni" {pain, rPois rC+}
 16601 | D:9      | Found Saotius's General Store.
 16619 | D:9      | Bought a scroll of identify for 22 gold pieces
 16619 | D:9      | Bought a scroll of identify for 22 gold pieces
 16757 | D:9      | Found Xysuqat's Antique Armour Emporium.
 17273 | D:9      | Bought a potion of might for 44 gold pieces
 17276 | D:10     | Entered Level 10 of the Dungeon
 17276 | D:10     | Reached ***** piety under Elyvilon
 17316 | D:9      | Reached skill level 14 in Axes
 17365 | D:10     | Reached XP level 12. HP: 97/107 MP: 11/11
 17463 | D:10     | Found a flagged portal.
 17471 | D:10     | Noticed Gastronok
 17505 | D:10     | Killed Gastronok
 17957 | D:10     | Noticed a two-headed ogre
 18052 | D:10     | Killed a two-headed ogre
 18185 | D:10     | Identified the ring "Mogoday" {+Blink rF+ Str+4}
 18312 | D:10     | Reached skill level 10 in Shields
 18995 | D:11     | Found Ubrejeoz's Antique Weapon Emporium.
 19695 | Spider:1 | Entered Level 1 of the Spider Nest
 19734 | Spider:1 | Noticed an entropy weaver
 19876 | Lair:2   | Killed an entropy weaver
 19877 | Lair:2   | Reached skill level 1 in Evocations
 19984 | Spider:1 | Noticed a boulder beetle
 20073 | Spider:1 | Killed a boulder beetle
 20314 | Lair:4   | Noticed a seven-headed hydra
 20328 | Lair:3   | Reached skill level 15 in Axes
 20394 | Lair:4   | Killed a seven-headed hydra
 20442 | Lair:4   | Noticed an eight-headed hydra
 20460 | Lair:3   | Killed an eight-headed hydra
 20980 | D:12     | Noticed a four-headed hydra
 20991 | D:12     | Killed a four-headed hydra
 20992 | D:12     | Reached XP level 13. HP: 116/116 MP: 12/12
 21837 | D:12     | Found Adyiblag's Magic Scroll Shoppe.
 21840 | D:12     | Bought a scroll of identify for 30 gold pieces
 21853 | D:12     | Found a staircase to the Orcish Mines.
 21937 | D:12     | Reached ****** piety under Elyvilon
 21991 | Orc:1    | Entered Level 1 of the Orcish Mines
 22111 | Orc:1    | Found Tiggo's Book Shoppe.
 22267 | Orc:2    | Entered Level 2 of the Orcish Mines
 22737 | Orc:2    | Noticed an orc warlord
 22762 | Orc:2    | Killed an orc warlord
 23335 | Orc:2    | Found a staircase to the Elven Halls.
 23345 | Orc:2    | Noticed an ettin
 23367 | Orc:2    | Killed an ettin
 23808 | Orc:2    | Reached skill level 16 in Axes
 24449 | Orc:2    | Noticed Saint Roka
 24902 | Orc:1    | Upgraded the game from 0.29-a0-362-g5854e031c7 to
                  | 0.29-a0-364-g921d912d32
 25786 | Spider:1 | Reached skill level 5 in Throwing
 25786 | Spider:1 | Reached XP level 14. HP: 104/127 MP: 13/13
 27038 | Spider:2 | Reached skill level 15 in Armour
 27169 | Spider:2 | Reached skill level 1 in Long Blades
 29163 | Lair:3   | Found a staircase to the Swamp.
 29206 | Swamp:1  | Entered Level 1 of the Swamp
 30273 | Lair:4   | You fall into a shaft and drop 2 floors!
 30273 | Lair:6   | Entered Level 6 of the Lair of Beasts
 30622 | Lair:5   | Noticed Sonja
 30639 | Lair:5   | Killed Sonja
 30689 | Lair:5   | Found a transporter.
 30689 | Lair:5   | Noticed Esyluf's ghost (journeyman GnCA)
 30774 | Lair:5   | Got the Tome of Bewitchment and Transmigration
 30785 | Lair:5   | Found a transporter.
 30876 | Lair:5   | Reached skill level 17 in Axes
 30895 | Lair:5   | Reached XP level 15. HP: 99/138 MP: 14/14
 32969 | Lair:6   | Found a staircase to the Slime Pits.
 33043 | Lair:6   | Found a runed translucent door.
 33306 | Lair:6   | Identified the +6 chain mail of Meddopt {+Blink rC- Str+4
                  | SInv}
 33360 | Lair:6   | Paralysed by a hornet for 2 turns
 33829 | Slime:1  | Entered Level 1 of the Pits of Slime
 33832 | Slime:1  | Noticed an azure jelly
 34390 | Orc:2    | Killed Saint Roka
 34391 | Orc:2    | Reached skill level 15 in Shields
 34798 | Orc:2    | Found Hunk's Antique Armour Shop.
 34798 | Orc:2    | Found Roozeec's General Store.
 34798 | Orc:2    | Found Hotziq's Antique Weapon Shop.
 34798 | Orc:2    | Found Buput's Book Boutique.
 34868 | Orc:2    | Bought a scroll of identify for 26 gold pieces
 34870 | Orc:2    | Reached XP level 16. HP: 147/147 MP: 15/15
 35288 | D:13     | Noticed Snorg
 35300 | D:13     | Killed Snorg
 35447 | D:13     | Reached skill level 15 in Fighting
 35569 | D:13     | Found a gate to the Vaults.
 36049 | D:13     | Identified the +7 long sword "Sehahiej" {flame, rF+ rN+
                  | Dex+4}
 36498 | D:14     | Found a frozen archway.
 36731 | IceCv    | Entered an ice cave
 37004 | D:14     | Reached skill level 1 in Invocations
 37029 | D:14     | Cast into level 2 of the Abyss (a wizard)
 37072 | Abyss:2  | Paralysed by accursed screaming for 2 turns
 37077 | Abyss:2  | Found a corrupted altar of Lugonu.
 37092 | Abyss:2  | HP: 4/149 [starcursed mass/accursed screaming (11)]
 37095 | Abyss:2  | Elyvilon protects you from harm!
 37316 | Abyss:2  | Found a corrupted altar of Lugonu.
 37343 | Abyss:2  | Found a corrupted altar of Lugonu.
 37480 | Abyss:2  | Paralysed by an air elemental for 1 turns
 37483 | Abyss:2  | Paralysed by an air elemental for 1 turns
 37483 | Abyss:2  | Gained mutation: Potions are less effective at restoring
                  | your health. [a cacodemon]
 37486 | Abyss:2  | Paralysed by an air elemental for 1 turns
 37486 | Abyss:2  | Gained mutation: You occasionally shout uncontrollably at
                  | your foes. [a cacodemon]
 37520 | D:14     | Escaped the Abyss
 37523 | D:14     | HP: 1/149 [deep elf zephyrmancer/bolt of lightning (30)]
 37523 | D:14     | Elyvilon protects you from harm!
 38863 | Elf:1    | Entered Level 1 of the Elven Halls
 39003 | D:12     | Bought a scroll of blinking for 112 gold pieces
 40534 | Spider:3 | Reached skill level 18 in Axes
 40772 | Spider:3 | Reached XP level 17. HP: 156/156 MP: 16/16
 40780 | Spider:3 | Noticed Agnes
 40789 | Spider:3 | Noticed Louise
 41274 | Lair:3   | Paralysed by a hornet for 1 turns
 42123 | Swamp:2  | Noticed Frances
 42304 | Swamp:2  | Killed Frances
 42648 | Swamp:1  | HP: 3/157 [poison]
 42649 | Swamp:1  | Elyvilon protects you from harm!
 42651 | Swamp:1  | Elyvilon protects you from harm!
 42654 | Swamp:1  | Succumbed to poison

Illustrated notes

Levels and vault maps discovered:
D:1:      matt_arrival_los_fun, layout_rooms,
          hellmonk_ecumenical_altar_crossroads, wad_woods_river_04
D:2:      layout_basic, uniq_terence
D:3:      layout_rooms, grunt_temple_overflow_growth_and_decay,
          nemelex_xobeh_ov_fountains_minmay, chequers_hall_statues_y
D:4:      layout_loops_ring, chequers_temple_overflow_minitemple,
          minmay_tree_intersection, grunt_ministairs_13, nicolae_shop_clearance,
          uniq_robin
D:5:      layout_gridville, nicolae_overflow_hidden_temple
D:6:      layout_basic, minmay_temple_entry_glass, serial_shops,
          nicolae_take_the_stairs, uniq_eustachio
D:7:      layout_gridville, nicolae_hepliaklqana_ecumenical_no_more
D:8:      nzn_winding_woodlands_stair_cross
          [nzn_winding_woodlands_5x15_split_checker,
          nzn_winding_woodlands_center_garden,
          nzn_winding_woodlands_5x15_garden,
          nzn_winding_woodlands_5x5_open_star,
          nzn_winding_woodlands_5x5_closed_star,
          nzn_winding_woodlands_5x15_sidewinder,
          nzn_winding_woodlands_center_triple_pond,
          nzn_winding_woodlands_5x15_default], layout_basic, erik_lair_dragon,
          serial_shops, nicolae_square_shop, serial_curves, eino_curves_04,
          eino_curves_03
D:9:      layout_basic, serial_shops, kennysheep_mini_moat,
          nicolae_inconvenience_store, shop_statue, nicolae_stop_n_shop_2,
          uniq_erolcha
D:10:     layout_cave_pools, enter_bailey_2, corexii_hall_statues_x,
          uniq_gastronok
D:11:     layout_loops_ring, serial_shops, nicolae_square_shop,
          corexii_checkpoint_a
D:12:     layout_roguey, orc_0_dummy, serial_shops, nicolae_shop_window_shopping
D:13:     layout_loops_cross, lightli_vaults_fourway_checkpoint, uniq_snorg
D:14:     minmay_tri_stars, layout_cross, nicolae_elyvilon_peaceful_grove,
          portal_ice_cave_entry_pillars_three
Temple:   eino_narrow_crystal_temple
Lair:1:   layout_hall_layers
Lair:2:   layout_roguey, spider_nest_entry_a, grunt_megastairs_3
Lair:3:   layout_gridlike, palyth_hydra_swamp_entry, pond
Lair:4:   layout_hall_layers, worms_lemuel
Lair:5:   layout_gridlike, gammafunk_ghost_arena, nzn_sisyphean_effort,
          serial_bayou_shore_b, lemuel_fruit_fields, uniq_sonja
Lair:6:   wormcave, layout_regular_city, minmay_slime_entry_pillars,
          st_stairs_3, serial_bayou_shore_a, infiniplex_staircase_pool,
          serial_bayou_shore_b
Swamp:1:  layout_falls_marsh, evilmike_swamp_ruin_house_2, swamp_pool2
Swamp:2:  layout_falls_marsh, nicolae_swamp_decorative_isthmus,
          infiniplex_staircase_pool_2, uniq_roxanne, uniq_frances
Spider:1: layout_spider_delve, uniq_kirke
Spider:2: layout_chambers
Spider:3: layout_spider_delve, uniq_agnes, uniq_asterion, uniq_louise
Slime:1:  cheibrodos_slime_lost_civilization_3, layout_caves
Orc:1:    nicolae_orc_accident_2, layout_caves, serial_shops, shop,
          mines5_lemuel
Orc:2:    st_orc_congregation, layout_diamond_mine, uniq_saint_roka
Elf:1:    minmay_elf_arrival_circle, layout_geoelf_octagon,
          hangedman_elven_crosses_minicolossus

Skill      XL: |  1  2  3  4  5  6  7  8  9 10 11 12 13 14 15 16 17 |
---------------+----------------------------------------------------+-----
Fighting       | 4 6 7 8 9 10 11 12 14 15 | 15.7
Armour         | 4 5 6 7 8 10 12 13 14 15 16 17 | 17.4
Shields        | 4 5 6 7 8 9 11 12 14 15 16 | 16.2
Axes           | 3 4 5 7 9 11 12 14 15 16 17 18 | 18.0
Dodging        | 1 2 3 4 |  4.2
Throwing       | 1 2 3 5 6 7 |  7.4
Stealth        | 1 |  1.7
Polearms       | 4 5 6 7 8 |  8.1
Evocations     | 1 2 |  2.4
Long Blades    | 1 2 |  2.1
Invocations    | 1 |  1.2
Short Blades   | |  0.6
Maces & Flails | |  0.7
Staves         | |  0.7
Slings         | |  0.6
Bows           | |  0.6
Crossbows      | |  0.6
Unarmed Combat | |  0.6
Spellcasting   | |  0.2
Conjurations   | |  0.3
Hexes          | |  0.2
Summonings     | |  0.3
Necromancy     | |  0.3
Translocations | |  0.3
Transmutations | |  0.3
Fire Magic     | |  0.3
Ice Magic      | |  0.3
Air Magic      | |  0.3
Earth Magic    | |  0.3
Poison Magic   | |  0.3

Action                   |  1- 3 |  4- 6 |  7- 9 | 10-12 | 13-15 | 16-18 || total
-------------------------+-------+-------+-------+-------+-------+-------++-------
Melee: War axe           |   101 |   100 |   221 |   569 |  1033 |   507 ||  2531
       Headbutt          |    23 |    11 |    44 |   196 |   355 |   189 ||   818
       Spear             |       |       |       |   215 |   159 |   144 ||   518
       Falchion          |       |       |       |       |    25 |     3 ||    28
       Long sword        |       |       |       |       |       |    22 ||    22
Throw: Dart              |       |     3 |    12 |    35 |    71 |       ||   121
       Boomerang         |       |       |       |       |    78 |    63 ||   141
       Javelin           |       |       |       |       |     2 |       ||     2
Invok: Heal Self         |       |       |       |     1 |       |     7 ||     8
 Abil: Evoke Blink       |       |       |       |     4 |     2 |     3 ||     9
Evoke: Wand              |       |       |       |     5 |    13 |    13 ||    31
  Use: Potion            |     1 |     1 |     1 |     8 |     5 |     9 ||    25
       Scroll            |       |       |    13 |    13 |    13 |    18 ||    57
 Stab: Invisible         |       |       |       |     1 |       |     6 ||     7
Armor: Plate armour      |    50 |    73 |   166 |   460 |   646 |   367 ||  1762
Dodge: Dodged            |    24 |    31 |    65 |   178 |   289 |   191 ||   778
Block: Buckler           |    13 |    43 |       |       |       |       ||    56
       Kite shield       |       |       |   118 |   471 |   628 |   434 ||  1651

Table legend: (Time is in decaauts)
 A = Elapsed time spent in this place.
 B = Non-inter-level travel time spent in this place.
 C = Inter-level travel time spent in this place.
 D = Time resting spent in this place.
 E = Time spent auto-exploring this place.
 F = Levels seen in this place.
 G = Mean time per level.
                   A        B        C        D        E       F      G
               +--------+--------+--------+--------+--------+-----+--------+
         Total |  42723 |  42723 |      0 |   7890 |      0 |  32 | 1335.1 |
       Dungeon |  21862 |  21862 |      0 |   4455 |      0 |  14 | 1561.6 |
        Temple |     63 |     63 |      0 |      0 |      0 |   1 |   63.0 |
          Lair |  10458 |  10458 |      0 |   2227 |      0 |   6 | 1743.0 |
         Swamp |   1298 |   1298 |      0 |    136 |      0 |   2 |  649.0 |
   Spider Nest |   4086 |   4086 |      0 |    410 |      0 |   3 | 1362.0 |
    Slime Pits |     10 |     10 |      0 |      0 |      0 |   1 |   10.0 |
  Orcish Mines |   4357 |   4357 |      0 |    660 |      0 |   2 | 2178.5 |
   Elven Halls |      1 |      1 |      0 |      0 |      0 |   1 |    1.0 |
         Abyss |    503 |    503 |      0 |      0 |      0 |   1 |  503.0 |
      Ice Cave |     79 |     79 |      0 |      0 |      0 |   1 |   79.0 |
               +--------+--------+--------+--------+--------+-----+--------+

Top non-repeatable levels by time:
     D:8: 3702 daAuts
     D:7: 2856 daAuts
   Orc:2: 2625 daAuts
  Lair:3: 2188 daAuts
  Lair:2: 2171 daAuts
Spider:2: 2148 daAuts
  Lair:1: 2028 daAuts
     D:9: 1807 daAuts
   Orc:1: 1732 daAuts
     D:5: 1668 daAuts
    D:12: 1651 daAuts
  Lair:6: 1637 daAuts
     D:4: 1604 daAuts
Spider:1: 1486 daAuts
     D:6: 1472 daAuts
